 Dungeon Crawl Stone Soup version 0.26.1-2-gb8aa6d0cf2 (webtiles) character file.

Game seed: 5559646984993768906

49 DolphinKB the Chiller (level 4, -2/30 HPs)
             Began as a Human Ice Elementalist on Mar 30, 2021.
             Was an Initiate of Kikubaaqudgha.
             Slain by a wight
             ... wielding a +0 battleaxe
              (5 damage)
             ... on level 3 of the Dungeon.
             The game lasted 00:09:28 (2369 turns).

DolphinKB the Chiller (Human Ice Elementalist)      Turns: 2369, Time: 00:09:28

Health: -2/30      AC:  4    Str:  8    XL:     4   Next: 1%
Magic:  2/7        EV: 12    Int: 17    God:    Kikubaaqudgha [......]
Gold:   85         SH:  0    Dex: 13    Spells: 3/7 levels left

rFire    . . .     SeeInvis .   e - +0 dagger
rCold    . . .     Faith    .   (no shield)
rNeg     . . .     Spirit   .   c - +1 leather armour
rPois    .         Reflect  .   (no helmet)
rElec    .         Harm     .   (no cloak)
rCorr    .         Rampage  .   (no gloves)
Will     .....                  (no boots)
Stlth    ++........             (no amulet)
HPRegen  0.10/turn              (no ring)
MPRegen  0.10/turn              (no ring)

@: frozen ramparts
A: no striking features
a: Renounce Religion


You were on level 3 of the Dungeon.
You worshipped Kikubaaqudgha.
Kikubaaqudgha was noncommittal.
You visited 1 branch of the dungeon, and saw 3 of its levels.

You collected 85 gold pieces.

Inventory:

Hand Weapons
 e - a +0 dagger (weapon)
Armour
 a - a +0 robe
 c - a +1 leather armour (worn)
Scrolls
 d - a scroll of blinking {unknown}
 g - a scroll of identify
 h - a scroll of fear {unknown}
Potions
 b - a potion of degeneration {unknown}
 f - 2 potions of curing


   Skills:
 * Level 0.7 Short Blades
 + Level 0.4 Armour
 + Level 2.0 Dodging
 - Level 2.0 Stealth
 + Level 2.3 Spellcasting
 + Level 4.8 Ice Magic


You had 3 spell levels left.
You knew the following spells:

 Your Spells              Type           Power        Failure   Level
a - Freeze                Ice            72%          3%          1
b - Frozen Ramparts       Ice            36%          11%         3

Your spell library contained the following spells:

 Spells                   Type           Power        Failure   Level
 Ozocubu's Armour         Ice            18%          11%         3
 Hailstorm                Conj/Ice       10%          67%         4
 Summon Ice Beast         Ice/Summ       10%          67%         4


Dungeon Overview and Level Annotations

Branches:
Dungeon (3/15)

Altars:
Kikubaaqudgha


Message History

The wight closely misses you.
Unknown command.
Unknown command.
Aiming: Freeze (safe; 3% risk of failure)
Press: ? - help, Q - select action Shift-Dir - straight line, f - wight
Aim: a wight, wielding a +0 battleaxe and wearing a +0 robe The wight completely resists.
You freeze the wight but do no damage.
The wall freezes something.
A sky beast appears from thin air!
Reactivating autopickup.
The sky beast hits you but does no damage.
Aiming: Freeze (safe; 3% risk of failure)
Press: ? - help, Q - select action Shift-Dir - straight line, f/p - wight
Aim: a wight, wielding a +0 battleaxe and wearing a +0 robe The wight resists.
You freeze the wight.
The wight is lightly damaged.
The wight completely resists.
The wall freezes the wight but does no damage.
The wight hits you with a +0 battleaxe.
You die...
Kikubaaqudgha rasps: "You have failed me!
Welcome... death!"

#...≈..≈≈
#...≈....
#....≈≈ #....
#..## #...###
#.#...##
#.#.#Y.#
#.#.@z.#
#.######
#.....#
#####.# #.#
#.# #.# ## #.#
#..
#.#####.##.#.#


You could see a sky beast and a wight.

Vanquished Creatures
  2 adders (D:2)
  A worm (D:2)
  2 dart slugs (D:1)
  2 leopard geckos (D:1)
  2 giant cockroaches
  4 goblins
  3 hobgoblins (D:1)
  A bat (D:2)
  2 kobolds
  3 rats
22 creatures vanquished.

Notes
Turn   | Place    | Note
-------+----------+-------------------------------------------
     0 | D:1      | DolphinKB the Human Ice Elementalist began the quest for
                  | the Orb.
     0 | D:1      | Reached XP level 1. HP: 13/13 MP: 3/3
   284 | D:1      | Reached XP level 2. HP: 19/19 MP: 1/5
  1332 | D:1      | Reached XP level 3. HP: 24/24 MP: 6/6
  1343 | D:1      | Learned a level 3 spell: Frozen Ramparts
  1958 | D:2      | Found an ancient bone altar of Kikubaaqudgha.
  1970 | D:2      | Reached XP level 4. HP: 9/30 MP: 2/7
  2283 | D:2      | Became a worshipper of Kikubaaqudgha
  2352 | D:3      | Noticed a sky beast
  2369 | D:3      | Slain by a wight

Illustrated notes

Levels and vault maps discovered:
D:1:      dpeg_arrival_stone_temple_mockup, layout_basic
D:2:      layout_basic, lemuel_round_altar
D:3:      cheibrodos_helix_gallery, layout_basic,
          nicolae_overflow_hidden_temple, fiery_altar_vehumet,
          chequers_ecumenical_altar_lobes, tgw_xom, uniq_terence, uniq_robin

Action                   |  1- 3 |  4- 6 || total
-------------------------+-------+-------++-------
Melee: Dagger            |    16 |     2 ||    18
 Cast: Freeze            |    27 |     2 ||    29
       Frozen Ramparts   |       |     1 ||     1
  Use: Scroll            |     3 |       ||     3
 Stab: Sleeping          |     2 |       ||     2
Armor: Leather armour    |     2 |     4 ||     6
Dodge: Dodged            |    21 |     1 ||    22
